 Dungeon Crawl Stone Soup version 0.27.0-1-g7a089689b8 (webtiles) character file.

Game seed: 7476654002482935313

87 Brandom the Skirmisher (level 4, 0/40 HPs)
             Began as a Hill Orc Abyssal Knight on Aug 11, 2021.
             Was a Follower of Lugonu.
             Frozen to death by an endoplasm (3 damage)
             ... on level 2 of the Dungeon.
             The game lasted 00:03:36 (1980 turns).

Brandom the Skirmisher (Hill Orc Abyssal Knight)    Turns: 1980, Time: 00:03:37

Health: 0/40       AC:  3    Str: 15    XL:     4   Next: 51%
Magic:  6/6        EV: 11    Int: 12    God:    Lugonu [*.....]
Gold:   68         SH:  0    Dex: 10    Spells: 3/3 levels left

rFire    . . .     SeeInvis .   (no weapon)
rCold    . . .     Faith    .   (no shield)
rNeg     . . .     Spirit   .   b - +0 leather armour
rPois    .         Reflect  .   (no helmet)
rElec    .         Harm     .   (no cloak)
rCorr    .         Rampage  .   (no gloves)
Will     .....                  (no boots)
Stlth    +.........             (no amulet)
HPRegen  0.13/turn              (no ring)
MPRegen  0.10/turn              (no ring)

@: no status effects
A: no striking features
a: Renounce Religion, Depart the Abyss


You were on level 2 of the Dungeon.
You worshipped Lugonu.
Lugonu was aware of your devotion.
You visited 1 branch of the dungeon, and saw 2 of its levels.
You visited the Abyss 1 time.

You collected 68 gold pieces.

Inventory:

Hand Weapons
 a - a +1 hand axe
Armour
 b - a +0 leather armour (worn)
Scrolls
 c - a scroll of amnesia {unknown}
 e - a scroll of teleportation {unknown}
 g - a scroll of identify {unknown}


   Skills:
 + Level 4.3 Fighting
 * Level 4.1 Axes
 + Level 2.8 Armour
 + Level 1.3 Dodging
 + Level 3.2 Invocations


You had 3 spell levels left.
You didn't know any spells.
Your spell library contained the following spells:

 Spells                   Type           Power      Damage    Failure   Level
 Slow                     Hex            0%         N/A       52%         2
 Confusing Touch          Hex            0%         N/A       77%         3
 Portal Projectile        Hex/Tloc       0%         N/A       77%         3
 Vampiric Draining        Necr           0%         2d6       77%         3
 Blade Hands              Tmut           0%         N/A       100%        5
 Excruciating Wounds      Necr           0%         N/A       100%        5


Dungeon Overview and Level Annotations

Branches:
Dungeon (2/15)

Altars:

Annotations:
D:2 Sigmund


Message History

Unknown command.
It was a potion of curing.
You feel better. The adder bites you.
You are poisoned.
The adder poisons you! The adder barely misses you.
Unknown command.
You hit the adder.
You feel sick. The adder barely misses you.
You completely miss the adder.
You feel sick. The adder closely misses you.
You barely miss the adder.
You feel sick.
You are no longer poisoned.
The adder barely misses you. The adder completely misses you.
You hit the adder. The adder misses you.
You closely miss the adder. The adder bites you.
* * * LOW HITPOINT WARNING * * *
The adder misses you.
You miss the adder. The adder bites you.
* * * LOW HITPOINT WARNING * * *
You are poisoned.
The adder poisons you!
You hit the adder.
You kill the adder!
Lugonu accepts your kill.
You feel sick. The ball python bites you.
* * * LOW HITPOINT WARNING * * *
The ball python grabs you. The ball python constricts you.
Unknown command.
You hit the ball python.
You feel sick.
The ball python bites you but does no damage.
The ball python constricts you.
Unknown command.
You slash the ball python!
You kill the ball python!
Lugonu accepts your kill.
You feel sick.
You completely miss the endoplasm.
You feel sick.
You are no longer poisoned.
Unknown command.
You hit the endoplasm. The endoplasm freezes you.
You are frozen.
* * * LOW HITPOINT WARNING * * *
It was a potion of magic.
Magic courses through your body. The endoplasm hits you.
* * * LOW HITPOINT WARNING * * *
The endoplasm freezes you.
You are frozen.
* * * LOW HITPOINT WARNING * * *
You are now empty-handed.
The endoplasm freezes you.
You are frozen.
You die...

#.###.#.# ####+###...#
#...........
################......†....
...........................
.......########........##..
.......########........##..
.......'ZJ.#....#+########.
.......###@.......## #.....
.....#< #.........# #.###.
.... #. ##......#.# #.# #.
... #. ###......#.# #.####
.. #. #........#.# #..... .
####........#.###.....
#'..................
##...).###..........
##....# #.#..###..#


You could see a ball python zombie and an endoplasm.

Vanquished Creatures
  Natasha (D:2)
  2 adders (D:2)
  A dart slug (D:1)
  A bat (D:2)
  An endoplasm (D:1)
  2 giant cockroaches (D:1)
  7 goblins
  8 hobgoblins (D:2)
  2 kobolds
  2 quokkas (D:1)
  5 ball pythons
  2 frilled lizards (D:1)
  A quokka zombie (D:2)
  2 rats (D:1)
37 creatures vanquished.

Vanquished Creatures (others)
  5 fungi (D:2)
  3 toadstools (D:2)
  5 withered plants (D:2)
13 creatures vanquished.

Grand Total: 50 creatures vanquished

Notes
Turn   | Place    | Note
-------+----------+-------------------------------------------
     0 | Abyss:1  | Brandom the Hill Orc Abyssal Knight began the quest for the
                  | Orb.
     0 | Abyss:1  | Reached XP level 1. HP: 19/19 MP: 2/2
    70 | Abyss:1  | Noticed a small abomination
    84 | D:1      | Escaped the Abyss
   222 | D:1      | You fall into a shaft and drop 1 floor!
   437 | D:2      | Reached * piety under Lugonu
   438 | D:2      | Reached XP level 2. HP: 27/27 MP: 3/3
   465 | D:2      | Reached skill level 1 in Dodging
  1259 | D:1      | Reached XP level 3. HP: 33/33 MP: 5/5
  1532 | D:2      | Noticed Natasha
  1538 | D:2      | Killed Natasha
  1568 | D:2      | Noticed Sigmund
  1609 | D:2      | Reached XP level 4. HP: 38/40 MP: 6/6
  1980 | D:2      | Frozen to death by an endoplasm

Illustrated notes

Levels and vault maps discovered:
D:1:      dpeg_arrival_shelter, layout_loops_ring
D:2:      cheibrodos_greedy_goblins, layout_basic, serial_undead,
          serial_undead_c, serial_undead_f, serial_undead_c, serial_undead_a,
          minmay_gold_behind_fungi, nrook_loot_triangle, uniq_sigmund,
          uniq_natasha

Skill      XL: |  1  2  3  4 |
---------------+-------------+-----
Axes           | 3 4 |  4.1
Dodging        | 1 |  1.3
Fighting       | 4 |  4.3
Invocations    | 3 |  3.2
Armour         | |  2.8

Action                   |  1- 3 |  4- 6 || total
-------------------------+-------+-------++-------
Melee: Hand axe          |    88 |    43 ||   131
Invok: Depart the Abyss  |     1 |       ||     1
  Use: Potion            |       |     2 ||     2
Armor: Leather armour    |    14 |    13 ||    27
Dodge: Dodged            |    42 |    22 ||    64
